 Dungeon Crawl Stone Soup version 0.29.1-13-g9f3cf754e1 (webtiles) character file.

Game seed: 13747243416312171645

879 hbarley the Chopper (level 8, 0/62 (69) HPs)
             Began as a Hill Orc Fighter on Jan 30, 2023.
             Slain by a wight
             ... wielding a +2 short sword
              (8 damage)
             ... on level 6 of the Dungeon.
             The game lasted 00:10:44 (6110 turns).

hbarley the Chopper (Hill Orc Fighter)              Turns: 6110, Time: 00:10:44

HP:   0/62 (69)     AC: 11    Str: 19    XL:     8   Next: 5%
MP:   8/8           EV:  7    Int:  8    God:
Gold: 342           SH:  5    Dex: 12    Spells: 7/7 levels left

rFire   . . .      SeeInvis .   a - +0 war axe
rCold   . . .      Faith    .   c - +0 buckler
rNeg    . . .      Spirit   .   v - +0 chain mail
rPois   .          Reflect  .   (no helmet)
rElec   .          Harm     .   (no cloak)
rCorr   .          Rampage  .   (no gloves)
Will    .....                   B - +0 pair of boots
Stlth   ..........              (no amulet)
HPRegen 0.20/turn               (no ring)
MPRegen 0.11/turn               (no ring)

@: mighty, heavily drained
A: no striking features
a: no special abilities


You were on level 6 of the Dungeon.
You visited 1 branch of the dungeon, and saw 6 of its levels.

You collected 342 gold pieces.

Inventory:

Hand Weapons
 a - a +0 war axe (weapon)
Armour
 b - a +0 scale mail
 c - a +0 buckler (worn)
 v - a +0 chain mail (worn)
 B - a +0 pair of boots (worn)
Jewellery
 w - a ring of resist corrosion
Wands
 i - a wand of acid (19)
 n - a wand of roots (8)
 y - a wand of polymorph (5)
Scrolls
 e - 8 scrolls of identify {unknown}
 j - a scroll of enchant armour {unknown}
 k - 4 scrolls of teleportation {unknown}
 l - 2 scrolls of fog {unknown}
 m - a scroll of amnesia {unknown}
 o - a scroll of torment {unknown}
 r - a scroll of poison {unknown}
 t - 4 scrolls of immolation {unknown}
 u - a scroll of magic mapping {unknown}
 C - a scroll of acquirement {unknown}
Potions
 f - 4 potions of curing {unknown}
 g - 5 potions of heal wounds {unknown}
 h - 5 potions of degeneration {unknown}
 p - a potion of cancellation {unknown}
 q - 3 potions of berserk rage {unknown}
 s - 2 potions of invisibility {unknown}
 x - a potion of brilliance {unknown}
 z - a potion of mutation {unknown}
 A - a potion of lignification {unknown}
 D - a potion of attraction {unknown}
 E - a potion of magic {unknown}


   Skills:
 + Level 5.5 Fighting
 + Level 7.8 Axes
 + Level 6.2 Armour
 + Level 1.0 Dodging
 + Level 0.7 Stealth
 + Level 4.2 Shields


You had 7 spell levels left.
You didn't know any spells.
Your spell library contained the following spells:

 Spells                   Type           Power      Damage    Failure   Level
 Confusing Touch          Hex            0%         N/A       100%        3
 Ignite Poison            Fire/Tmut/Pois 0%         N/A       100%        3
 Mephitic Cloud           Conj/Pois/Air  0%         N/A       100%        3
 Stone Arrow              Conj/Erth      0%         3d7       100%        3
 Animate Armour           Summ/Erth      0%         N/A       100%        4
 Freezing Cloud           Conj/Ice/Air   0%         6-21      100%        5
 Yara's Violent Unravell  Hex/Tmut       0%         3d3       100%        5
 Enfeeble                 Hex            0%         N/A       100%        7
 Malign Gateway           Summ/Tloc      0%         N/A       100%        7
 Lehudib's Crystal Spear  Conj/Erth      0%         10d2      100%        8
 Summon Horrible Things   Summ           0%         N/A       100%        8


Dungeon Overview and Level Annotations

Branches:
Dungeon (6/15)
 Temple: D:4-7

Altars:


Message History

You barely miss the wight. The wight barely misses you.
The wight closely misses you. The wight hits you but does no damage.
The wight completely misses you.
You hit the wight.
The wight is lightly damaged.
The wight hits you with a +2 short sword!
The wight hits you from afar with a +3 trident!
You feel drained.
You barely miss the wight.
The wight is lightly damaged.
You block the wight's attack.
You feel very mighty all of a sudden.
The wight hits you but does no damage. x2
You closely miss the wight.
The wight is lightly damaged.
The wight hits you from afar with a +3 trident.
* * * LOW HITPOINT WARNING * * *
You feel drained.
* * * LOW HITPOINT WARNING * * *
You hit the wight.
The wight is heavily damaged.
The wight barely misses you. x2
You closely miss the wight.
The wight is heavily damaged.
You block the wight's attack. The wight hits you but does no damage.
You barely miss the wight.
The wight is heavily damaged.
The wight hits you with a +2 short sword!
* * * LOW HITPOINT WARNING * * *
You block the wight's attack.
You barely miss the wight.
The wight is heavily damaged.
The wight barely misses you. The wight hits you but does no damage.
The wight hits you from afar with a +3 trident.
* * * LOW HITPOINT WARNING * * *
You feel drained.
You hit the wight.
The wight is almost destroyed.
The wight hits you with a +2 short sword!
You die...

### ######
#######.#
.....#####...##..#
.......##.<...zz.#
..............zz##
...........#####@#
.......##### #.###
....#### #...##
..### #....## ##
#..#..###
#..##...##
#..###...## #..#
###..### #..#
##...#


You could see 4 wights.

Vanquished Creatures
  Edmund (D:5)
  An ogre (D:6)
  A scorpion (D:6)
  A necrophage (D:5)
  A jelly (D:5)
  2 hounds
  Jessica (D:2)
  3 iguanas
  An orc wizard (D:3)
  Natasha (thrice) (D:3)
  6 gnolls
  13 adders
  An ufetubus (D:4)
  A worm (D:2)
  4 dart slugs
  9 orcs
  8 ball pythons
  8 endoplasms
  4 giant cockroaches
  6 hobgoblins
  4 jackals (D:1)
  A quokka (D:1)
  6 bats
  8 frilled lizards
  4 goblins
  8 kobolds
  7 rats
113 creatures vanquished.

Notes
Turn   | Place    | Note
-------+----------+-------------------------------------------
     0 | D:1      | hbarley the Hill Orc Fighter began the quest for the Orb.
     0 | D:1      | Reached XP level 1. HP: 19/19 MP: 1/1
   212 | D:1      | Found a faded altar of an unknown god.
   217 | D:1      | Reached XP level 2. HP: 27/27 MP: 2/2
   437 | D:1      | Reached skill level 3 in Axes
   473 | D:1      | Reached XP level 3. HP: 32/33 MP: 3/3
   953 | D:2      | Reached XP level 4. HP: 14/40 MP: 4/4
  1225 | D:2      | Noticed Jessica
  1232 | D:2      | Killed Jessica
  1233 | D:2      | Reached skill level 4 in Axes
  1835 | D:2      | Reached XP level 5. HP: 46/46 MP: 5/5
  2022 | D:3      | Reached skill level 5 in Axes
  2486 | D:3      | Noticed Natasha
  2493 | D:3      | Killed Natasha
  2494 | D:3      | Reached XP level 6. HP: 52/52 MP: 6/6
  2512 | D:3      | Noticed Natasha
  2519 | D:3      | Killed Natasha
  2537 | D:3      | Noticed Natasha
  2546 | D:3      | Killed Natasha
  2547 | D:3      | Reached skill level 6 in Axes
  2962 | D:3      | Reached skill level 5 in Armour
  4257 | D:4      | Reached XP level 7. HP: 43/60 MP: 7/7
  4502 | D:5      | Entered Level 5 of the Dungeon
  4840 | D:5      | Noticed Edmund
  4853 | D:5      | Killed Edmund
  4854 | D:5      | Reached skill level 5 in Fighting
  4854 | D:5      | Reached skill level 7 in Axes
  5642 | D:6      | Reached skill level 1 in Dodging
  5967 | D:6      | Reached XP level 8. HP: 69/69 MP: 8/8
  6110 | D:6      | Slain by a wight

Illustrated notes

Levels and vault maps discovered:
D:1:      wander_arrival_desolate, layout_loops_cross,
          chequers_ecumenical_altar_simple_redux
D:2:      layout_loops_ring, uniq_jessica
D:3:      layout_basic, minmay_snake_closets, uniq_natasha
D:4:      layout_layer_cave
D:5:      layout_cave_pods, dk_vineyard_3, grunt_ministairs_1, uniq_edmund
D:6:      layout_cave_pods

Skill      XL: |  1  2  3  4  5  6  7 |
---------------+----------------------+-----
Axes           | 3 4 5 6 7 |  7.8
Armour         | 4 5 6 |  6.2
Fighting       | 4 5 |  5.5
Shields        | 4 |  4.2
Dodging        | 1 |  1.0
Stealth        | |  0.7

Action                   |  1- 3 |  4- 6 |  7- 9 || total
-------------------------+-------+-------+-------++-------
Melee: War axe           |    65 |   228 |    82 ||   375
       Unarmed           |       |       |     3 ||     3
  Use: Potion            |       |       |     2 ||     2
Armor: Scale mail        |    35 |   123 |       ||   158
       Chain mail        |       |    22 |    36 ||    58
Dodge: Dodged            |    31 |   106 |    29 ||   166
Block: Buckler           |    12 |    41 |    12 ||    65
